[Event "Titled Tuesday Blitz March 15 Early 2022"]
[White "Bok, Benjamin"]
[Black "Nakamura, Hikaru"]
[WhiteFideId "1017063"]
[BlackFideId "2016192"]
[WhiteElo "2658"]
[BlackElo "2850"]
[Result "0-1"]
[Round "04"]
[TimeControl "180+1"]
[Date "2022.03.15"]
[WhiteClock "0:00:01"]
[BlackClock "0:00:45"]

1. d4 f5 2. g3 Nf6 3. Bg2 g6 4. Nf3 Bg7 5. O-O O-O 6. c4 d6 7. Nc3 c6 8. b3 Qa5 9. Bb2 e5 10. Qd2 h6 11. Rfe1 g5 12. Rad1 Nbd7 13. e4 f4 14. gxf4 gxf4 15. Kh1 Re8 16. Rg1 Nf8 17. c5 exd4 18. Nxd4 Qxc5 19. Qxf4 Ng4 20. Bh3 Ng6 21. Qd2 Qh5 22. Bxg4 Bxg4 23. f3 Bxf3+ 24. Nxf3 Qxf3+ 25. Qg2 Qxg2+ 26. Rxg2 Re6 27. Rdg1 Kh7 28. h4 Bd4 29. Rf1 Rf8 30. Rxf8 Nxf8 0-1


[Site "https://www.chess.com"]

[Event "Titled Tuesday Blitz March 15 Early 2022"]
[White "Borodavkin, Anatoly"]
[Black "Zomorrodian, Eilia"]
[WhiteFideId "14150662"]
[BlackFideId "12551805"]
[WhiteElo "1845"]
[BlackElo "2098"]
[Result "0-1"]
[Round "04"]
[TimeControl "180+1"]
[Date "2022.03.15"]
[WhiteClock "0:00:03"]
[BlackClock "0:01:07"]

1. e4 c5 2. Nc3 a6 3. g3 b5 4. Bg2 Bb7 5. d3 e6 6. f4 Nf6 7. Nf3 d5 8. e5 Nfd7 9. O-O Be7 10. Ne2 O-O 11. Be3 c4 12. d4 b4 13. c3 a5 14. g4 Nc6 15. f5 Re8 16. Ng3 g6 17. f6 Bf8 18. Qd2 bxc3 19. bxc3 Ba6 20. Bh6 Ba3 21. h4 Qb6 22. Rab1 Qa7 23. Kh1 Rab8 24. h5 Rxb1 25. Rxb1 Rb8 26. Rg1 Rb2 27. Qg5 Nd8 28. Nh4 Nf8 29. Bg7 Qb7 30. Qh6 Rf2 31. Nf3 Rxf3 32. Bxf3 Qb2 33. Qe3 Qxa2 34. hxg6 fxg6 35. Rg2 Qb1+ 36. Kh2 Nf7 37. Ne2 a4 38. Nf4 Bc1 39. Qf2 Bxf4+ 40. Kh3 Qh1+ 41. Rh2 Qxh2+ 42. Qxh2 Bxh2 43. Kxh2 a3 0-1


[Site "https://www.chess.com"]

[Event "Titled Tuesday Blitz March 15 Early 2022"]
[White "Bryakin, Mikhail"]
[Black "Urbina Perez, Juan Antonio"]
[WhiteFideId "4165314"]
[BlackFideId "2217368"]
[WhiteElo "2417"]
[BlackElo "2192"]
[Result "1-0"]
[Round "04"]
[TimeControl "180+1"]
[Date "2022.03.15"]
[WhiteClock "0:02:00"]
[BlackClock "0:00:47"]

1. e4 c6 2. d4 d5 3. Nc3 dxe4 4. Nxe4 Bf5 5. Ng3 Bg6 6. h4 h6 7. Nf3 e6 8. Ne5 Bh7 9. Bd3 Bxd3 10. Qxd3 Nf6 11. Bf4 Nbd7 12. O-O-O Qa5 13. Kb1 Nxe5 14. dxe5 Nd5 15. c4 Nb6 16. Ne4 Be7 17. h5 Rd8 18. Nd6+ Bxd6 19. exd6 O-O 20. g4 Qc5 21. b3 f5 22. g5 Qxf2 23. Rdf1 Qc5 24. gxh6 e5 25. hxg7 Rf7 26. h6 Kh7 27. Be3 Qxd6 28. Qxd6 Rxd6 29. c5 Rd3 30. Rfg1 Rd8 31. cxb6 axb6 32. Bxb6 Re8 33. Bc5 Rg8 34. Rh5 e4 35. Bf8 f4 36. Kc2 f3 37. Kd2 f2 38. Rf1 1-0


[Site "https://www.chess.com"]

[Event "Titled Tuesday Blitz March 15 Early 2022"]
[White "Budrewicz, Krzysztof"]
[Black "Shailendra, K Bajpai"]
[WhiteFideId "1127950"]
[BlackFideId "5014670"]
[WhiteElo "2248"]
[BlackElo "2242"]
[Result "1-0"]
[Round "04"]
[TimeControl "180+1"]
[Date "2022.03.15"]
[WhiteClock "0:02:33"]
[BlackClock "0:00:02"]

1. d4 Nf6 2. c4 e6 3. Nf3 Be7 4. d5 O-O 5. Nc3 b6 6. a3 Bb7 7. e4 exd5 8. cxd5 Re8 9. Bd3 Na6 10. O-O Bd6 11. Bg5 h6 12. Bh4 Nc5 13. Bc2 g5 14. Nxg5 hxg5 15. Bxg5 Re5 16. f4 Rxg5 17. fxg5 Nh7 18. e5 Bxe5 19. Bxh7+ Kxh7 20. Qh5+ Kg8 21. Qxf7+ Kh8 22. Qh5+ Kg8 23. g6 Qe7 24. Rf7 Bd4+ 25. Kh1 Qxf7 26. gxf7+ Kf8 1-0


[Site "https://www.chess.com"]

[Event "Titled Tuesday Blitz March 15 Early 2022"]
[White "Buscar, Michael"]
[Black "Myshakov, Fyodor"]
[WhiteFideId "2603616"]
[BlackFideId "14111284"]
[WhiteElo "2010"]
[BlackElo "2310"]
[Result "0-1"]
[Round "04"]
[TimeControl "180+1"]
[Date "2022.03.15"]
[WhiteClock "0:00:02"]
[BlackClock "0:00:43"]

1. d4 d5 2. c4 dxc4 3. e3 e6 4. Bxc4 c5 5. Nf3 Nf6 6. O-O a6 7. Nc3 b5 8. Bd3 Bb7 9. a3 Nbd7 10. Qe2 cxd4 11. Nxd4 Be7 12. Rd1 O-O 13. Bd2 Ne5 14. Bc2 Nc4 15. Be1 Qb6 16. Bd3 Rac8 17. Rac1 Rfd8 18. Bb1 Ba8 19. f3 Bc5 20. Bf2 e5 21. Nf5 g6 22. Ng3 Bxe3 23. Rxd8+ Rxd8 24. Bxe3 Qxe3+ 25. Qxe3 Nxe3 26. Nce4 Nxe4 27. Nxe4 Rd1+ 28. Rxd1 Nxd1 29. b4 Bxe4 30. Bxe4 Ne3 31. Bb7 Nc4 32. Bxa6 Nxa3 33. Kf2 Nc2 34. Bxb5 Nxb4 35. Bc4 Kf8 36. Ke3 f6 37. Ke4 Ke7 38. f4 Kd6 39. fxe5+ fxe5 40. h4 Nc6 41. g4 Ne7 42. Bf7 Nc8 43. Bg8 h6 44. g5 h5 0-1


[Site "https://www.chess.com"]

[Event "Titled Tuesday Blitz March 15 Early 2022"]
[White "Cavanah, Troy"]
[Black "Garagulya, Konstantin"]
[WhiteFideId "30949670"]
[BlackFideId "4128931"]
[WhiteElo "1878"]
[BlackElo "2329"]
[Result "0-1"]
[Round "04"]
[TimeControl "180+1"]
[Date "2022.03.15"]
[WhiteClock "0:00:48"]
[BlackClock "0:01:10"]

1. e4 c5 2. Nf3 a6 3. d4 cxd4 4. Nxd4 Nf6 5. e5 Qa5+ 6. Nc3 Qxe5+ 7. Be2 Nc6 8. Be3 d5 9. O-O e6 10. Qd2 Qc7 11. Bf4 e5 12. Nxc6 bxc6 13. Bg3 Bd6 14. Rfe1 O-O 15. Bd3 Re8 16. a4 a5 17. Rad1 Ba6 18. Bxa6 Rxa6 19. Bh4 Nd7 20. Ne4 Bf8 21. Ng5 h6 22. Qd3 hxg5 23. Qxa6 gxh4 24. c4 Nc5 0-1


[Site "https://www.chess.com"]

[Event "Titled Tuesday Blitz March 15 Early 2022"]
[White "Chen, Qi b"]
[Black "Brunner, Nicolas"]
[WhiteFideId "8614733"]
[BlackFideId "620246"]
[WhiteElo "2432"]
[BlackElo "2372"]
[Result "1-0"]
[Round "04"]
[TimeControl "180+1"]
[Date "2022.03.15"]
[WhiteClock "0:00:02"]
[BlackClock "0:00:04"]

1. e4 e5 2. Nf3 Nc6 3. Bb5 a6 4. Ba4 Nf6 5. O-O Be7 6. Re1 b5 7. Bb3 d6 8. a4 Bg4 9. c3 O-O 10. h3 Bh5 11. d3 Na5 12. Bc2 c5 13. Nbd2 Nc6 14. Nf1 d5 15. Ng3 Bg6 16. axb5 axb5 17. Rxa8 Qxa8 18. exd5 Nxd5 19. Nxe5 Nxe5 20. Rxe5 Bf6 21. Re1 b4 22. Ne4 bxc3 23. Nxf6+ gxf6 24. bxc3 Nxc3 25. Qd2 Nd5 26. Bb3 Nb4 27. Bc4 Rd8 28. Bb2 Qc6 29. Qf4 Kg7 30. Re3 Nxd3 31. Bxd3 Rxd3 32. Rxd3 Bxd3 33. h4 Bg6 34. g4 h6 35. g5 hxg5 36. hxg5 Qe6 37. Bxf6+ Kf8 38. Qb8+ Qe8 39. Bg7+ Ke7 40. Qc7+ Qd7 41. Bf6+ Ke8 42. Qb8+ 1-0


[Site "https://www.chess.com"]

[Event "Titled Tuesday Blitz March 15 Early 2022"]
[White "Christensen, Thomas"]
[Black "Flis, Pawel"]
[WhiteFideId "1403532"]
[BlackFideId "1112864"]
[WhiteElo "2255"]
[BlackElo "1735"]
[Result "1-0"]
[Round "04"]
[TimeControl "180+1"]
[Date "2022.03.15"]
[WhiteClock "0:00:09"]
[BlackClock "0:00:01"]

1. d4 Nf6 2. Nc3 d5 3. e4 dxe4 4. f3 c5 5. d5 exf3 6. Nxf3 e6 7. Bb5+ Bd7 8. dxe6 fxe6 9. O-O Nc6 10. Bg5 Be7 11. Qe1 Nd4 12. Bxd7+ Qxd7 13. Ne5 Qc8 14. Qh4 Qc7 15. Rae1 O-O-O 16. Nf7 Nf5 17. Qa4 a6 18. Nxh8 Rxh8 19. Rxe6 Nd4 20. Ree1 Bd6 21. h3 Bh2+ 22. Kh1 Bg3 23. Bxf6 gxf6 24. Nd5 Qd6 25. Ne7+ Kb8 26. Re3 Be5 27. Nf5 Qc7 28. Nxd4 Bxd4 29. Re8+ Rxe8 30. Qxe8+ Ka7 31. c3 Be5 32. Qh5 Qb6 33. Qe2 1-0


[Site "https://www.chess.com"]

[Event "Titled Tuesday Blitz March 15 Early 2022"]
[White "Coto Mederos, Michel"]
[Black "Wong, Yinn Long"]
[WhiteFideId "3508528"]
[BlackFideId "5707684"]
[WhiteElo "2427"]
[BlackElo "2055"]
[Result "1-0"]
[Round "04"]
[TimeControl "180+1"]
[Date "2022.03.15"]
[WhiteClock "0:00:06"]
[BlackClock "0:00:02"]

1. d4 Nf6 2. Bg5 g6 3. Bxf6 exf6 4. e3 Bg7 5. Bd3 d6 6. Ne2 O-O 7. c4 f5 8. Nbc3 Nd7 9. Nf4 Nf6 10. O-O b6 11. Rc1 Bb7 12. Re1 Re8 13. h3 Qd7 14. Be2 Bh6 15. Bf3 Ne4 16. Nfd5 Bg7 17. Qc2 Ng5 18. Nf6+ Bxf6 19. Bxb7 Rab8 20. Ba6 c6 21. d5 Bxc3 22. Qxc3 Ne4 23. Qa3 Re7 24. dxc6 Qxc6 25. Red1 Qc7 26. Rd4 Re5 27. b4 Rbe8 28. Rcd1 R5e7 29. Bb5 Rd8 30. Ba4 Qc8 31. Bc2 Qc7 32. Bxe4 Rxe4 33. Rxe4 fxe4 34. Rd4 Qe7 35. Qb3 Qe5 36. Qc2 Re8 37. Qd2 Re6 38. Qd1 h5 39. Rd5 Qc3 40. Rxd6 Rxd6 41. Qxd6 Qc1+ 42. Kh2 Qxc4 43. Qb8+ Kg7 44. Qxa7 Qxb4 45. Qb7 h4 46. Qd5 f5 47. Qd7+ Kh6 48. Qd8 g5 49. Qf6+ Kh5 50. Qxf5 Qd6+ 51. g3 hxg3+ 52. fxg3 Qd2+ 53. Kh1 Qe1+ 54. Kg2 Qxe3 55. Qh7# 1-0


[Site "https://www.chess.com"]

[Event "Titled Tuesday Blitz March 15 Early 2022"]
[White "Cramling Bellon, Anna"]
[Black "Yedidia, Daniel"]
[WhiteFideId "32009232"]
[BlackFideId "30905907"]
[WhiteElo "1905"]
[BlackElo "2479"]
[Result "0-1"]
[Round "04"]
[TimeControl "180+1"]
[Date "2022.03.15"]
[WhiteClock "0:00:08"]
[BlackClock "0:00:10"]

1. d4 Nf6 2. c4 e6 3. Nc3 Bb4 4. Qc2 c5 5. dxc5 O-O 6. Nf3 Na6 7. a3 Bxc3+ 8. Qxc3 Nxc5 9. Bg5 Nce4 10. Qc1 Nxg5 11. Qxg5 b6 12. e3 Bb7 13. Bd3 d5 14. Rd1 Qc7 15. cxd5 Bxd5 16. Nd4 h6 17. Qg3 Qxg3 18. hxg3 Bxg2 19. Rh4 Bb7 20. Nb5 Rfd8 21. Rd4 Rxd4 22. Nxd4 Rd8 23. Nxe6 fxe6 24. Bh7+ Kxh7 25. Rxd8 Bf3 26. Rd6 Bd5 27. f3 Bxf3 28. Rxe6 Kg6 29. Kf2 Bg4 30. Re7 a5 31. b4 axb4 32. axb4 Nd5 33. Re4 Bf5 34. Rd4 Nf6 35. Rd6 b5 36. Kf3 Kg5 37. Rb6 Bd3 38. Rd6 Bc4 39. e4 Ng4 40. Rb6 Ne5+ 41. Ke3 g6 42. Rb7 Kg4 43. Kd4 Nf3+ 44. Kc5 g5 45. Kd6 Kxg3 46. e5 Nd4 47. e6 h5 48. e7 Nf5+ 49. Ke5 Nxe7 50. Rxe7 g4 51. Rh7 h4 52. Kf5 h3 53. Rg7 Be2 54. Rg5 h2 55. Ke4 Bf3+ 56. Ke3 h1=Q 57. Rxg4+ Kxg4 58. Kf2 Qg2+ 59. Ke3 Qe2+ 60. Kd4 Qc4+ 61. Ke5 Qd5+ 62. Kf6 Qd6+ 63. Kg7 Kg5 64. Kh8 Kg6 65. Kg8 Qd8# 0-1


[Site "https://www.chess.com"]

[Event "Titled Tuesday Blitz March 15 Early 2022"]
[White "Deac, Bogdan-Daniel"]
[Black "Fier, Alexandr"]
[WhiteFideId "1226380"]
[BlackFideId "2107139"]
[WhiteElo "2646"]
[BlackElo "2571"]
[Result "1-0"]
[Round "04"]
[TimeControl "180+1"]
[Date "2022.03.15"]
[WhiteClock "0:00:02"]
[BlackClock "0:00:08"]

1. d4 Nf6 2. Nf3 c5 3. d5 g6 4. Nc3 Bg7 5. e4 O-O 6. Be2 d6 7. O-O Bg4 8. h3 Bxf3 9. Bxf3 Na6 10. h4 Nc7 11. a4 b6 12. Rb1 a6 13. h5 b5 14. h6 Bh8 15. axb5 axb5 16. b4 Nd7 17. Bb2 cxb4 18. Ne2 Ne5 19. Nd4 Qd7 20. Be2 Nc4 21. Bxc4 bxc4 22. Nc6 e5 23. Bc1 b3 24. cxb3 c3 25. Qd3 f5 26. Bg5 Bf6 27. Bxf6 Rxf6 28. f3 g5 29. exf5 Kh8 30. g4 Rxh6 31. Rf2 Qf7 32. Qxc3 Nxd5 33. Qc4 Kg7 34. Rd2 Nb6 35. Qxf7+ Kxf7 36. Rbd1 d5 37. Nxe5+ Ke7 38. Kg2 Ra3 39. Rd3 Rf6 40. Kg3 Kd6 41. Nc4+ Kc5 42. Nxa3 1-0


[Site "https://www.chess.com"]

[Event "Titled Tuesday Blitz March 15 Early 2022"]
[White "Dejmek, Mark"]
[Black "Koridze, Lile"]
[WhiteFideId "2017628"]
[BlackFideId "13612514"]
[WhiteElo "2220"]
[BlackElo "1999"]
[Result "0-1"]
[Round "04"]
[TimeControl "180+1"]
[Date "2022.03.15"]
[WhiteClock "0:00:04"]
[BlackClock "0:00:20"]

1. Nf3 Nf6 2. g3 d5 3. c4 e6 4. Bg2 Be7 5. b3 O-O 6. Bb2 c6 7. O-O Nbd7 8. d3 b6 9. Nbd2 Bb7 10. Qc2 Rc8 11. Rac1 c5 12. e3 a6 13. Ne5 b5 14. Rfd1 Nxe5 15. Bxe5 Qb6 16. Qb2 dxc4 17. bxc4 b4 18. Bxb7 Qxb7 19. Nb3 Rfd8 20. d4 Qf3 21. Nd2 Qh5 22. f3 a5 23. Rf1 Qg6 24. e4 cxd4 25. Bxd4 Rxd4 26. e5 Bc5 27. Kg2 Nd7 28. Ne4 Rxe4 29. fxe4 Qxe4+ 30. Kh3 Nxe5 31. Rce1 Qg4+ 32. Kg2 Nd3 33. Qe2 Nxe1+ 34. Qxe1 Qxc4 0-1


[Site "https://www.chess.com"]

[Event "Titled Tuesday Blitz March 15 Early 2022"]
[White "Demchenko, Anton"]
[Black "Barp, Alberto"]
[WhiteFideId "4160258"]
[BlackFideId "872555"]
[WhiteElo "2539"]
[BlackElo "2229"]
[Result "0-1"]
[Round "04"]
[TimeControl "180+1"]
[Date "2022.03.15"]
[WhiteClock "0:00:06"]
[BlackClock "0:00:11"]

1. e4 c6 2. d4 d5 3. e5 Bf5 4. Bd3 Bxd3 5. Qxd3 e6 6. Ne2 c5 7. c3 Nc6 8. O-O Rc8 9. a3 Nge7 10. Ng3 cxd4 11. cxd4 Qb6 12. Rd1 h5 13. Nc3 h4 14. Nge2 Nf5 15. b4 Be7 16. Bb2 Qd8 17. Na4 O-O 18. g4 hxg3 19. hxg3 Qe8 20. Nc5 b6 21. Na6 f6 22. Rac1 fxe5 23. dxe5 Bg5 24. Rc2 Nce7 25. Rxc8 Qxc8 26. Bc1 Ng6 27. Bxg5 Nxe5 28. Qc3 Qxc3 29. Nxc3 Nf3+ 30. Kg2 Nxg5 31. Nb5 Ne4 32. Rc1 d4 33. f3 Ne3+ 34. Kh2 Rxf3 35. Nxd4 Rf2+ 36. Kh3 g5 37. Rh1 Kf7 38. Nc7 e5 39. Nde6 Kf6 40. Nd8 Rf3 41. Rg1 g4+ 42. Kh2 Rf2+ 43. Kh1 Nf5 44. Rg2 Nfxg3+ 45. Kh2 Nf1+ 46. Kg1 Rxg2+ 47. Kxg2 Ne3+ 48. Kg1 g3 49. Nc6 g2 50. Nxa7 Ng3 51. Kf2 Ne2 52. Kxe2 g1=Q 53. Nab5 Qf1+ 54. Kxe3 Kf5 55. Kd2 Qf2+ 56. Kc1 e4 57. Nc3 Qf4+ 58. Kb2 Qxc7 59. Nd5 Qe5+ 60. Nc3 e3 61. Kc2 e2 62. Nxe2 Qxe2+ 63. Kb3 b5 64. a4 Qd3+ 0-1


[Site "https://www.chess.com"]

[Event "Titled Tuesday Blitz March 15 Early 2022"]
[White "Demin, Vladimir"]
[Black "Thomas, Anysia"]
[WhiteFideId "4167457"]
[BlackFideId "670472"]
[WhiteElo "2503"]
[BlackElo "2002"]
[Result "0-1"]
[Round "04"]
[TimeControl "180+1"]
[Date "2022.03.15"]
[WhiteClock "0:00:08"]
[BlackClock "0:00:11"]

1. e4 c5 2. Nf3 g6 3. c3 d5 4. exd5 Qxd5 5. d4 Bg7 6. Be2 Nf6 7. O-O O-O 8. Be3 cxd4 9. cxd4 Nc6 10. Nc3 Qd8 11. a3 Be6 12. h3 Nd5 13. Qa4 Rc8 14. Rfd1 Qd7 15. Bb5 a6 16. Bxc6 Qxc6 17. Qxc6 Rxc6 18. Ne4 Rc2 19. b4 Bf5 20. Nc5 Nxe3 21. fxe3 Bh6 22. e4 Bc8 23. a4 Rd8 24. d5 Be3+ 25. Kh1 Bxc5 26. bxc5 Rxc5 27. Rac1 Rxc1 28. Rxc1 f5 29. e5 b5 30. axb5 axb5 31. Nd4 Bb7 32. Nxb5 Bxd5 33. Rc7 Kf8 34. Kh2 Rb8 35. Nd4 Kf7 36. Rc5 Rd8 37. Nb5 Be6 38. Nc7 Rd2 39. Kg3 Rd3+ 40. Kf4 h6 41. Ra5 g5# 0-1


[Site "https://www.chess.com"]

[Event "Titled Tuesday Blitz March 15 Early 2022"]
[White "Devaev, Alexander"]
[Black "Secer, Ata"]
[WhiteFideId "4169395"]
[BlackFideId "6303293"]
[WhiteElo "2185"]
[BlackElo "2282"]
[Result "0-1"]
[Round "04"]
[TimeControl "180+1"]
[Date "2022.03.15"]
[WhiteClock "0:00:09"]
[BlackClock "0:00:13"]

1. Nf3 d5 2. c4 c6 3. e3 Nf6 4. b3 Bg4 5. Bb2 e6 6. d4 Nbd7 7. Nbd2 Bd6 8. Bd3 Qe7 9. Qc2 Ba3 10. O-O Bxb2 11. Qxb2 O-O 12. Rac1 Bh5 13. Rfe1 Bg6 14. Bxg6 hxg6 15. h3 a6 16. Ne5 Nxe5 17. dxe5 Nd7 18. e4 Nb6 19. cxd5 exd5 20. Qd4 Qd8 21. exd5 Nxd5 22. Nc4 Qg5 23. Kh2 Rfe8 24. g3 Re6 25. f4 Qe7 26. Rcd1 Rd8 27. Ne3 Qe8 28. Rd3 Re7 29. Nc4 Red7 30. Red1 Nxf4 31. Qxd7 Rxd7 32. Rxd7 Ne6 33. Rxb7 Ng5 34. Rbd7 Qe6 35. Rd8+ Kh7 36. Re1 Qxh3+ 37. Kg1 Qxg3+ 38. Kf1 Qf3+ 39. Kg1 Nh3+ 40. Kh2 Nf4 41. Rg1 Qf2+ 42. Kh1 Qh4# 0-1


[Site "https://www.chess.com"]

[Event "Titled Tuesday Blitz March 15 Early 2022"]
[White "Dixit, Nikhil"]
[Black "Golsta, Madara"]
[WhiteFideId "5059534"]
[BlackFideId "11607386"]
[WhiteElo "2223"]
[BlackElo "1997"]
[Result "1-0"]
[Round "04"]
[TimeControl "180+1"]
[Date "2022.03.15"]
[WhiteClock "0:00:36"]
[BlackClock "0:00:42"]

1. e4 c5 2. Nf3 d6 3. Bb5+ Nd7 4. O-O g6 5. d4 cxd4 6. Qxd4 Nf6 7. e5 dxe5 8. Nxe5 a6 9. Bxd7+ Bxd7 10. Rd1 h6 11. Qc4 e6 12. Nc3 Qc8 13. Qf4 Bg7 14. Ne4 g5 15. Nxf6+ Kf8 16. Nfxd7+ 1-0


[Site "https://www.chess.com"]

[Event "Titled Tuesday Blitz March 15 Early 2022"]
[White "Dolzhykova, Kateryna"]
[Black "Rustemov, Alexander"]
[WhiteFideId "14113414"]
[BlackFideId "4119002"]
[WhiteElo "2184"]
[BlackElo "2754"]
[Result "0-1"]
[Round "04"]
[TimeControl "180+1"]
[Date "2022.03.15"]
[WhiteClock "0:00:01"]
[BlackClock "0:00:37"]

1. e4 e6 2. d3 d5 3. Nd2 c5 4. Ngf3 Nc6 5. g3 g6 6. Bg2 Bg7 7. O-O Nge7 8. Re1 b6 9. e5 Qc7 10. Qe2 g5 11. h3 h6 12. Nf1 Ng6 13. d4 cxd4 14. Bd2 Ncxe5 15. Nxe5 Bxe5 16. h4 gxh4 17. f4 Bf6 18. f5 Ne7 19. fxe6 Bxe6 20. Bf4 Qd7 21. Be5 Bxe5 22. Qxe5 O-O-O 23. Qxd4 hxg3 24. Rac1 Qc7 25. b4 Qc4 26. Qf6 Nc6 27. Ne3 Qd4 28. Qf3 Ne5 29. Qe2 Nc4 30. c3 Qxe3+ 31. Qxe3 Nxe3 32. Rxe3 Rhg8 33. a4 Kc7 34. a5 bxa5 35. bxa5 h5 36. a6 h4 37. Bf1 h3 38. c4 d4 39. Re5 h2+ 40. Kh1 d3 41. Rc5+ Kd6 42. Rb5 d2 43. Rd1 Ke7 44. Rc5 Bg4 0-1


[Site "https://www.chess.com"]

[Event "Titled Tuesday Blitz March 15 Early 2022"]
[White "Dreev, Aleksey"]
[Black "Bortnyk, Olexandr"]
[WhiteFideId "4100107"]
[BlackFideId "14120828"]
[WhiteElo "2625"]
[BlackElo "2723"]
[Result "0-1"]
[Round "04"]
[TimeControl "180+1"]
[Date "2022.03.15"]
[WhiteClock "0:00:03"]
[BlackClock "0:00:06"]

1. d4 d6 2. c4 e5 3. Nc3 Nc6 4. Nf3 Bg4 5. d5 Nb8 6. Qb3 b6 7. h3 Bxf3 8. exf3 Be7 9. f4 Nf6 10. g3 Nbd7 11. Bg2 O-O 12. O-O Nc5 13. Qc2 a5 14. Re1 Nfd7 15. b3 exf4 16. Bxf4 Bg5 17. Bxg5 Qxg5 18. Nb5 Rac8 19. a3 Qf6 20. b4 Na6 21. Qd2 Ne5 22. Rac1 axb4 23. axb4 Rfe8 24. f4 Nd7 25. Ra1 Rxe1+ 26. Rxe1 g6 27. Bf3 h5 28. Kg2 Rd8 29. Rb1 Re8 30. h4 Qf5 31. Ra1 Nxb4 32. Qxb4 Qc2+ 33. Kg1 Re3 34. Rf1 Nc5 35. Nd4 Qd3 36. Qb2 Qxc4 37. f5 Nd3 38. Qa1 Ne5 39. fxg6 fxg6 40. Bg2 Rxg3 41. Ne6 Rxg2+ 42. Kxg2 Qxd5+ 43. Kg1 Qxe6 44. Qa8+ Kh7 45. Qd8 Qg4+ 46. Kh2 Nf3+ 47. Rxf3 Qxf3 48. Qxc7+ Kh6 49. Qxd6 Qf2+ 50. Kh3 Qe3+ 51. Kg2 Qe2+ 52. Kg3 Qg4+ 53. Kf2 Qxh4+ 54. Kf3 Qg4+ 55. Ke3 Qg5+ 56. Kf3 Qf5+ 57. Ke3 Qc5+ 0-1


[Site "https://www.chess.com"]

[Event "Titled Tuesday Blitz March 15 Early 2022"]
[White "Dubov, Daniil"]
[Black "Bluebaum, Matthias"]
[WhiteFideId "24126055"]
[BlackFideId "24651516"]
[WhiteElo "2791"]
[BlackElo "2550"]
[Result "1-0"]
[Round "04"]
[TimeControl "180+1"]
[Date "2022.03.15"]
[WhiteClock "0:00:27"]
[BlackClock "0:00:04"]

1. d4 Nf6 2. Nf3 d5 3. c4 e6 4. g3 Bb4+ 5. Nbd2 dxc4 6. Bg2 b5 7. Ne5 Nd5 8. O-O a5 9. b3 cxb3 10. Nxb3 O-O 11. Qc2 Bb7 12. Rd1 Qe7 13. Nd3 Nd7 14. a3 a4 15. Nbc5 Nxc5 16. dxc5 Ba5 17. Bb2 Rfd8 18. c6 Ba6 19. Nc5 Bb6 20. Nd7 Ba7 21. Bxd5 exd5 22. Rxd5 b4 23. Re5 Qd6 24. axb4 f6 25. Rh5 Rxd7 26. cxd7 Qxd7 27. Qxa4 Qxa4 28. Rxa4 Bb6 29. b5 Bb7 30. Rxa8+ Bxa8 31. Rh4 Bd5 32. Ra4 Kf7 33. Bd4 Bb3 34. Rb4 Be6 35. Bxb6 cxb6 36. Ra4 Bd7 37. Ra7 Ke8 38. Rb7 Bxb5 39. e3 g5 40. Rxb6 1-0


[Site "https://www.chess.com"]

[Event "Titled Tuesday Blitz March 15 Early 2022"]
[White "Dushyant Sharma"]
[Black "Jeet, Jain"]
[WhiteFideId "25065130"]
[BlackFideId "5073022"]
[WhiteElo "2105"]
[BlackElo "2085"]
[Result "1-0"]
[Round "04"]
[TimeControl "180+1"]
[Date "2022.03.15"]
[WhiteClock "0:00:14"]
[BlackClock "0:00:16"]

1. e4 c6 2. d4 d5 3. exd5 cxd5 4. Bd3 Nc6 5. c3 Nf6 6. Nf3 Bg4 7. O-O e6 8. Be3 Bd6 9. Nbd2 O-O 10. Qc2 Rb8 11. Rae1 b5 12. Bg5 h6 13. Bh4 Be7 14. Ne5 Nxe5 15. dxe5 Nd7 16. Bxe7 Qxe7 17. h3 Bh5 18. g4 Qg5 19. f4 Qh4 20. Nf3 Qg3+ 21. Qg2 Qxg2+ 22. Kxg2 Bg6 23. f5 Bh7 24. Nd4 exf5 25. gxf5 b4 26. Nc6 Rb6 27. Ne7+ Kh8 28. Nxd5 Rbb8 29. cxb4 Rfd8 30. e6 fxe6 31. Rxe6 Bg8 32. Ne7 Bxe6 33. fxe6 Ne5 34. Ng6+ Nxg6 35. Bxg6 Rd6 36. Bf7 Rb7 37. Rc1 Kh7 38. Rc8 Re7 39. h4 g5 40. hxg5 hxg5 41. Rc2 Kg7 42. a3 Kf6 43. b5 Ke5 44. a4 Kf4 45. b4 g4 46. Rc4+ Kg5 47. a5 Rd2+ 48. Kg3 Rd3+ 49. Kf2 Kh4 50. b6 axb6 51. axb6 Kh3 52. Rc7 g3+ 53. Ke2 g2 54. Rxe7 g1=Q 55. Kxd3 Qxb6 56. Rd7 Qxb4 57. Rd4 Qb5+ 58. Ke4 Qc6+ 59. Ke5 Qc5+ 60. Rd5 Qc7+ 61. Kf6 Qf4+ 62. Ke7 Qc7+ 63. Ke8 Qc5 64. Rxc5 1-0


[Site "https://www.chess.com"]

[Event "Titled Tuesday Blitz March 15 Early 2022"]
[White "Dwilewicz, Katarzyna"]
[Black "Maung, Maung Kyaw Zaw Hein"]
[WhiteFideId "1148486"]
[BlackFideId "13001698"]
[WhiteElo "1907"]
[BlackElo "1785"]
[Result "0-1"]
[Round "04"]
[TimeControl "180+1"]
[Date "2022.03.15"]
[WhiteClock "0:00:02"]
[BlackClock "0:00:27"]

1. e4 c6 2. d4 d5 3. e5 c5 4. dxc5 Nc6 5. Nf3 e6 6. a3 Bxc5 7. b4 Bb6 8. Bb2 Nge7 9. Bd3 Ng6 10. O-O Nf4 11. Re1 Nxd3 12. cxd3 O-O 13. Nbd2 Bd7 14. Qe2 Rc8 15. Rac1 a6 16. Nb3 Re8 17. Nc5 Bxc5 18. Rxc5 b6 19. Rc2 Ne7 20. Rec1 Rxc2 21. Qxc2 Nc6 22. Qd2 Qb8 23. g3 Rc8 24. h4 Na7 25. Kg2 Rxc1 26. Qxc1 Qc8 27. Qxc8+ Bxc8 28. Bd4 Nb5 29. a4 Nxd4 30. Nxd4 Kf8 31. Kf3 Bd7 32. a5 bxa5 33. bxa5 Ke7 34. Nb3 Bb5 35. Nc5 Kd8 36. Ke3 Kc7 37. Kd4 Kc6 38. f4 h5 39. Nb3 Ba4 40. Nc5 Bb5 41. Nb3 Ba4 42. Nd2 Kb5 43. Nf3 Kxa5 44. Ng5 Be8 45. f5 exf5 46. Kxd5 Kb4 47. Kd6 a5 48. Ke7 Bb5 49. Kxf7 a4 50. e6 a3 51. Nf3 Kc3 52. d4 a2 53. d5 a1=Q 54. d6 Qa7+ 55. e7 Qd7 56. Ne5 Qxd6 0-1


[Site "https://www.chess.com"]

[Event "Titled Tuesday Blitz March 15 Early 2022"]
[White "Fiorito, Fabian"]
[Black "Indjic, Aleksandar"]
[WhiteFideId "100200"]
[BlackFideId "911925"]
[WhiteElo "2395"]
[BlackElo "2616"]
[Result "0-1"]
[Round "04"]
[TimeControl "180+1"]
[Date "2022.03.15"]
[WhiteClock "0:00:05"]
[BlackClock "0:00:11"]

1. d4 Nf6 2. Nc3 d5 3. Bf4 c5 4. e4 Nxe4 5. Bb5+ Nc6 6. Nxe4 dxe4 7. Ne2 Bd7 8. dxc5 e5 9. Be3 f5 10. Nc3 Be6 11. Qe2 g6 12. Rd1 Qc8 13. Nd5 Bg7 14. Bg5 Kf7 15. c3 h6 16. Bc1 Rd8 17. Ne3 Rxd1+ 18. Qxd1 Nd4 19. cxd4 exd4 20. Nf1 Qxc5 21. Ba4 Rc8 22. Bd2 b5 23. Bb3 Bc4 24. h3 Kg8 25. g4 Qd5 26. Rg1 g5 27. gxf5 Qxf5 28. Ng3 Qxh3 29. Rh1 Qe6 30. Qh5 e3 31. fxe3 dxe3 32. Bc3 Bxb3 33. axb3 e2 34. Nxe2 b4 35. Bxg7 Kxg7 36. Qf3 Rc1+ 37. Kf2 Rc7 38. Kg2 Rf7 39. Qh5 Qe4+ 40. Kg1 Qe3+ 41. Kh2 Rf2+ 42. Kg1 Rxe2+ 43. Kf1 Rf2+ 44. Kg1 Qe1# 0-1


[Site "https://www.chess.com"]

[Event "Titled Tuesday Blitz March 15 Early 2022"]
[White "Gaehwiler, Gabriel"]
[Black "Gurevich, Dmitry"]
[WhiteFideId "1314530"]
[BlackFideId "2000407"]
[WhiteElo "2383"]
[BlackElo "2506"]
[Result "1-0"]
[Round "04"]
[TimeControl "180+1"]
[Date "2022.03.15"]
[WhiteClock "0:00:25"]
[BlackClock "0:00:20"]

1. d4 Nf6 2. c4 a6 3. g3 c5 4. dxc5 e6 5. Bg2 Bxc5 6. Nf3 O-O 7. O-O d5 8. cxd5 Qxd5 9. Qc2 Qh5 10. a3 Nc6 11. Bg5 Be7 12. Nc3 h6 13. Bxf6 Bxf6 14. Ne4 Be7 15. Rfd1 e5 16. Qb3 Rb8 17. Rac1 Be6 18. Qb6 f5 19. Nc5 Bxc5 20. Qxc5 e4 21. Ne5 Qxe2 22. Nxc6 bxc6 23. Qxc6 Bb3 24. Re1 Qxb2 25. Qxa6 Ra8 26. Qb5 Rxa3 27. Rb1 Qc3 28. Rec1 Qd3 29. Qxd3 exd3 30. Rxb3 Rxb3 31. Bd5+ Kh7 32. Bxb3 Rd8 33. Rd1 Kg6 34. Bc4 d2 35. Kf1 Kg5 36. Ke2 Kg4 37. Rxd2 Rxd2+ 38. Kxd2 Kh3 39. Be6 g6 40. Bf7 g5 41. Be6 Kxh2 42. Bxf5 Kg2 43. Ke3 h5 44. Bg6 h4 45. gxh4 gxh4 46. Be4+ 1-0


[Site "https://www.chess.com"]